 Dungeon Crawl Stone Soup version 0.31.0-11-ge490571c62 (webtiles) character file.

Game seed: 14945449350557987595

669 Gadfly the Ruffian (level 7, -3/48 (52) HPs)
             Began as a Demonspawn Shapeshifter on Jan 27, 2024.
             Was an Initiate of Wu Jian.
             Slain by an orc knight
             ... wielding a +0 halberd
              (30 damage)
             ... in a bailey.
             The game lasted 00:05:52 (4316 turns).

Gadfly the Ruffian (Demonspawn Shapeshifter)        Turns: 4316, Time: 00:05:53

HP:   -3/48 (52)    AC:  3    Str: 17    XL:     7   Next: 32%
MP:   7/7           EV: 13    Int: 10    God:    Wu Jian [......]
Gold: 338           SH:  0    Dex: 12    Spells: 6/6 levels left

rFire   . .          .
                       - Unarmed
rCold   . . .        (no shield)
rNeg    . . .        a - +0 animal skin
rPois   .            (helmet currently unavailable)
rElec   .            o - melded +0 cloak
rCorr   .            (gloves currently unavailable)
SInv    +            g - melded +0 pair of boots
Will    .....        s - amulet of regeneration
Stlth   +            q - ring of see invisible
HPRegen 1.08/turn    (no ring)
MPRegen 0.10/turn

%: no passive effects
@: beast-form, drained
A: beast (slay +2), horns 2, spiny 1, sharp scales 1
a: Begin Untransformation, Renounce Religion


You were in a bailey.
You worshipped Wu Jian.
Wu Jian was noncommittal.
You were a hulking beast.
You visited 2 branches of the dungeon, and saw 7 of its levels.
You also visited: Bailey.

You collected 338 gold pieces.

Inventory:

Hand Weapons
 b - a +4 quarterstaff of chaos
 v - a +2 halberd of electrocution
Armour
 a - a +0 animal skin (worn)
 g - a +0 pair of boots (melded)
 o - a +0 cloak (melded)
Jewellery
 q - a ring of see invisible (left hand)
 s - an amulet of regeneration (around neck)
Talismans
 c - a beast talisman (active)
 d - a flux talisman
 m - a blade talisman
Wands
 n - a wand of flame (10) (quivered)
Scrolls
 e - a scroll of blinking
 i - 4 scrolls of teleportation
Potions
 f - 3 potions of enlightenment
 h - 2 potions of mutation
 j - 2 potions of might
 k - a potion of heal wounds {unknown}
 l - a potion of resistance {unknown}
 p - 2 potions of curing {unknown}
 r - a potion of haste {unknown}
 t - a potion of attraction {unknown}


   Skills:
 * Level 3.4 Fighting
 + Level 3.8 Dodging
 * Level 4.1 Unarmed Combat
 + Level 3.4 Evocations
 * Level 3.8 Shapeshifting


You had 6 spell levels left.
You didn't know any spells.
Your spell library contained the following spells:

 Spells                   Type           Power      Damage    Failure   Level
 Sublimation of Blood     Necr           0%         N/A       50%         2
 Gell's Gravitas          Tloc           0%         N/A       75%         3
 Teleport Other           Tloc           0%         N/A       75%         3
 Petrify                  Alch/Erth      0%         N/A       98%         4
 Irradiate                Conj/Alch      0%         3d11      100%        5
 Dispersal                Tloc           0%         N/A       100%        6


Dungeon Overview and Level Annotations

Branches:
Dungeon (7/15)             Temple (1/1) D:4          Bailey (1/1)

Altars:
Ashenzari
Cheibriados
Hepliaklqana
Kikubaaqudgha
Makhleb
Nemelex Xobeh
Okawaru
Qazlal
Trog
Vehumet
Wu Jian
Xom
Yredelemnul


Innate Abilities, Weirdness & Mutations

You are a hulking beast.
Your limbs bulge with bestial killing power. (Slay +2)
You have a pair of horns on your head.
You are partially covered in sharp spines.
You are partially covered in razor-sharp scales. (AC +1, Slay +1)


Message History

The orc knight attacks as it pursues you!
The orc knight hits you from afar with a +0 halberd.
There is an open door here.
You lunge at the orc knight.
You hit the orc knight. You headbutt the orc knight.
The orc knight is moderately wounded.
The orc knight barely misses you.
There is an open door here.
Unknown command.
You punch the orc knight!
The orc knight is moderately wounded.
The gnoll closely misses you.
You completely miss the orc knight.
The orc knight is moderately wounded.
The gnoll barely misses you.
The orc knight is struck by your spines.
The orc knight closely misses you.
Okay, then.
You hit the orc knight. You headbutt the orc knight!
The orc knight is heavily wounded.
The gnoll misses you.
You punch the orc knight! You headbutt the orc knight.
Your punch misses the orc knight.
The orc knight is severely wounded.
The gnoll hits you from afar with a +0 halberd of draining.
You feel drained.
The orc knight hits you with a +0 halberd!
You punch the orc knight!
The orc knight is almost dead.
The gnoll hits you from afar with a +0 halberd of draining.
You feel drained.
You hit the orc knight.
The orc knight is almost dead.
The gnoll hits you from afar with a +0 halberd of draining.
You feel drained.
You barely miss the orc knight.
The orc knight is almost dead.
The orc knight hits you with a +0 halberd!!
Ouch! That really hurt!
You die...

###.....#####.....#
#)'..⌠..'.#)'..∩..+
###.....#####.....#
##....!## ##.....#
##'##'##'###'##+##+
#)###)###.#.## #'#
### #####
#.###.###.#.#
##'##)##h###+ +##+
##...)o## !.!#
###...)g### !.!.#
#.'.)⌠.g'.# .⌠.!+
###.....### .g.!
#.....## #!.
+##'##'###'#
#.###))g# ### #####


You could see an orc knight and 2 gnolls.

Vanquished Creatures
  Grinder (D:3)
  A black bear (D:4)
  2 bombardier beetles
  A hound (D:4)
  An orc priest (D:7)
  Crazy Yiuf (D:3)
  Terence (D:1)
  An orc wizard (D:7)
  8 gnolls
  2 adders
  A dart slug (D:2)
  13 orcs
  5 bats
  7 endoplasms
  6 giant cockroaches
  5 goblins
  4 hobgoblins
  4 jackals (D:2)
  A quokka (D:3)
  5 ball pythons
  4 frilled lizards
  5 rats
79 creatures vanquished.

Notes
Turn   | Place    | Note
-------+----------+-------------------------------------------
     0 | D:1      | Gadfly the Demonspawn Shapeshifter began the quest for the
                  | Orb.
     0 | D:1      | Reached XP level 1. HP: 15/15 MP: 1/1
   107 | D:1      | Gained mutation: You are partially covered in razor-sharp
                  | scales. (AC +1, Slay +1) [demonic ancestry]
   107 | D:1      | Reached XP level 2. HP: 20/21 MP: 2/2
   660 | D:2      | Reached skill level 1 in Evocations
   667 | D:2      | Reached skill level 3 in Unarmed Combat
   667 | D:2      | Gained mutation: You have a pair of small horns on your
                  | head. [demonic ancestry]
   667 | D:2      | Reached XP level 3. HP: 21/26 MP: 3/3
   802 | D:2      | Noticed Terence
   826 | D:1      | Killed Terence
  1227 | D:2      | Reached XP level 4. HP: 18/32 MP: 4/4
  1568 | D:3      | Reached XP level 5. HP: 16/38 MP: 5/5
  1767 | D:3      | Noticed an ice beast
  1887 | D:3      | Noticed Grinder
  1898 | D:3      | Paralysed by Grinder for 2 turns
  2003 | D:3      | Killed Grinder
  2004 | D:3      | Gained mutation: You have a pair of horns on your head.
                  | [demonic ancestry]
  2004 | D:3      | Reached XP level 6. HP: 37/46 MP: 6/6
  2392 | D:3      | Found a runed translucent door.
  2393 | D:3      | Noticed Crazy Yiuf
  2403 | D:3      | Killed Crazy Yiuf
  2664 | D:4      | Found a staircase to the Ecumenical Temple.
  2675 | Temple   | Entered the Ecumenical Temple
  2727 | Temple   | Became a worshipper of the Wu Jian Council
  3855 | D:5      | Entered Level 5 of the Dungeon
  3856 | D:5      | You fall into a shaft and drop 2 floors!
  3865 | D:7      | Gained mutation: You are partially covered in sharp spines.
                  | [demonic ancestry]
  3865 | D:7      | Reached XP level 7. HP: 52/52 MP: 7/7
  3873 | D:7      | Reached skill level 4 in Unarmed Combat
  3919 | D:7      | Found a flagged portal.
  3930 | Bailey   | Entered a bailey
  4297 | Bailey   | Noticed an orc knight
  4316 | Bailey   | Slain by an orc knight

Illustrated notes

Levels and vault maps discovered:
D:1:      tarquinn_simple_flora_water_f, layout_basic, item_on_display_a
D:2:      layout_rooms, grunt_ministairs_15, chequers_serial_rivers_micro_a,
          minmay_door_square, serial_bayou_lagoon_a,
          corexii_item_surrounded_by_moat, minmay_small_reverse_x, uniq_terence
D:3:      layout_rooms, uniq_grinder, uniq_crazy_yiuf_cottage
D:4:      layout_basic, temple_doors_cd, nrook_loot_triangle
D:5:      layout_loops_cross, nicolae_overflow_crystal_walls, uniq_duvessa,
          uniq_ijyb
D:7:      layout_basic, lemuel_round_altar,
          mainiacjoe_overflow_concentric_impassable, enter_bailey_6,
          hangedman_decor_diamond_cutter
Temple:   regret_index_temple_waves
Bailey:   bailey_polearm_nasty_gnolls, bailey

Skill      XL: |  1  2  3  4  5  6  7 |
---------------+----------------------+-----
Dodging        | 2 3 |  3.8
Evocations     | 1 2 3 |  3.4
Unarmed Combat | 3 4 |  4.1
Shapeshifting  | 3 |  3.8
Fighting       | 2 3 |  3.4

Action                     |  1- 3 |  4- 6 |  7- 9 || total
---------------------------+-------+-------+-------++-------
  Melee: Unarmed           |    80 |    78 |    51 ||   209
         Headbutt          |     3 |    18 |    12 ||    33
         Punch             |       |     3 |       ||     3
         Quarterstaff      |       |     8 |       ||     8
Ability: Begin Untransform |     1 |     1 |       ||     2
         Lunge             |       |       |     7 ||     7
  Evoke: Wand              |       |     8 |     1 ||     9
    Use: Scroll            |     4 |     8 |       ||    12
         Potion            |     1 |     1 |       ||     2
   Stab: Sleeping          |       |       |     2 ||     2
 Armour: Animal skin       |    41 |    47 |    34 ||   122
         Skin              |     2 |       |       ||     2
  Dodge: Dodged            |    50 |    69 |    33 ||   152
   Form: Beast             |     1 |     1 |       ||     2
